Map: Void Launch

Players

CtG

  • Race: Protoss Protoss
  • Spawn Location: 6:00

CtG

  • Race: Terran Terran
  • Spawn Location: 6:00

VOD

https://www.youtube.com/watch?v=4enUFKQnEbA

Description

A highly technical solo speedrun of Void Launch as Alarak. His mobility is relatively poor, so every move needs to be purposeful and planned. Requires map mastery and pre-planning. Masteries are:

Set 1: Alarak Attack Damage
Set 2: Death Fleet Cooldown
Set 3: Overcharge Attack Speed

Time

  • Played on: Oct. 20, 2018, 6:51 a.m.
  • Length: 25:45
Show
View Real Time Build Order
Export as new Build Order

CtG Protoss 

Build Orders:  

Get SALT Encoding   

  12  0:02  Probe (Chrono Boost)  
  13  0:16  Probe (Chrono Boost)  
  14  0:26  Pylon  
  14  0:31  Probe (Chrono Boost)  
  15  0:51  Probe (Chrono Boost)  
  16  1:00  Gateway  
  16  1:05  Probe (Chrono Boost)  
  17  1:18  Probe (Chrono Boost)  
  18  1:32  Probe (Chrono Boost)  
  19  1:46  Probe (Chrono Boost), Assimilator  
  20  1:52  Pylon  
  21  2:11  Nexus  
  21  2:17  Probe (Chrono Boost)  
  21  2:24  Assimilator  
  21  2:31  Probe (Chrono Boost)  
  22  2:44  Cybernetics Core  
  22  2:48  Probe (Chrono Boost)  
  23  3:02  Probe (Chrono Boost)  
  23  3:03  Pylon  
  24  3:17  Probe (Chrono Boost)  
  25  3:31  Probe (Chrono Boost)  
  26  3:45  Probe (Chrono Boost)  
  26  3:46  Death Council  
  26  3:49  Warp Gate  
  27  3:52  Probe (Chrono Boost)  
  27  3:59  Probe (Chrono Boost)  
  29  4:06  Probe (Chrono Boost)  
  30  4:13  Probe (Chrono Boost)  
  27  4:20  Probe (Chrono Boost)  
  31  4:27  Probe (Chrono Boost)  
  33  4:33  Probe (Chrono Boost)  
  33  4:39  Ascendant Archives  
  34  4:40  Probe (Chrono Boost)  
  34  4:44  Gateway  
  34  4:49  Gateway  
  35  4:55  Probe (Chrono Boost)  
  35  4:56  Probe (Chrono Boost)  
  37  5:09  Probe x2 (Chrono Boost)  
  37  5:18  Power Overwhelming  
  39  5:25  Assimilator  
  39  5:26  Probe (Chrono Boost)  
  39  5:28  Probe (Chrono Boost), Assimilator  
  41  5:43  Probe (Chrono Boost)  
  41  5:45  Probe (Chrono Boost)  
  43  6:24  Probe (Chrono Boost)  
  43  6:26  Ascendant  
  43  6:27  Probe (Chrono Boost)  
  47  6:36  Pylon  
  47  6:38  Pylon  
  47  6:40  Ascendant  
  47  6:44  Probe (Chrono Boost)  
  50  6:59  Pylon  
  50  7:00  Supplicant x2  
  54  7:10  Gateway x2  
  54  7:12  Gateway  
  54  7:27  Chaotic Attunement  
  54  7:28  Probe (Chrono Boost)  
  56  7:31  Probe (Chrono Boost)  
  52  7:48  Probe (Chrono Boost)  
  53  8:00  Ascendant x2  
  53  8:01  Supplicant x2  
  53  8:05  Pylon  
  53  8:07  Pylon  
  61  8:10  Cloaking Module, Pylon  
  61  8:17  Mothership  
  61  8:25  Supplicant x2  
  61  8:27  Mind Blast  
  65  8:37  Gateway x2  
  65  8:39  Forge  
  65  8:42  Pylon  
  65  8:45  Pylon  
  65  8:46  Pylon  
  65  8:51  Ascendant x4  
  65  8:53  Supplicant x4  
  79  9:19  Imposing Presence  
  69  9:35  Pylon  
  69  9:36  Pylon  
  69  9:40  Ascendant  
  69  9:41  Ascendant  
  69  9:44  Supplicant x8  
  69  10:38  Supplicant x2, Havoc  
  74  10:40  Ascendant x2  
  78  10:58  Ascendant  
  78  10:59  Supplicant x8  
  88  11:19  Ascendant  
  74  11:35  Supplicant x12  
  90  12:12  Ascendant  
  90  12:14  Ascendant x2  
  90  12:18  Supplicant x6  
  90  12:19  Supplicant x4  
  110  12:25  Probe x2 (Chrono Boost)  
  103  12:42  Probe (Chrono Boost)  
  103  12:49  Mothership  
  95  13:00  Pylon  
  89  13:26  Nexus  
  83  13:30  Pylon  
  83  13:32  Supplicant x6, Pylon  
  83  13:43  Supplicant x10  
  83  13:49  Robotics Facility  
  103  13:50  Robotics Facility  
  103  13:54  Assimilator  
  99  14:00  Ascendant  
  99  14:04  Supplicant x4  
  101  14:17  Slayer  
  101  14:18  Slayer x3  
  105  14:28  Probe x2 (Chrono Boost)  
  103  14:37  Slayer x2  
  99  14:53  Telekinesis  
  99  14:55  Supplicant x4  
  99  15:20  Pylon  
  99  15:21  Pylon  
  99  15:45  Supplicant x4  
  99  15:46  Supplicant x2  
  99  15:47  Pylon  
  99  15:49  Pylon  
  101  16:09  Robotics Bay  
  97  16:15  Protoss Ground Weapons Level 1, Protoss Air Weapons Level 1  
  97  16:24  Supplicant x6  
  107  16:39  Slayer x4  
  111  16:40  Slayer  
  99  17:12  Slayer x5  
  99  17:13  Slayer  
  111  17:20  Wraithwalker  
  111  17:24  Rapid Power Cycling  
  117  17:31  Mothership  
  117  17:46  Phasing Armor  
  117  17:52  Pylon  
  117  17:59  Supplicant x4  
  125  18:01  Pylon  
  117  18:24  Aerial Tracking, Slayer  
  117  18:25  Slayer x2  
  117  18:27  Supplicant x6  
  123  18:42  Pylon  
  123  18:44  Wraithwalker  
  129  18:51  Detect Weakness  
  129  18:53  Supplicant x2  
  129  19:01  Supplicant x2  
  129  19:16  Phase Blink  
  129  19:28  Supplicant x2  
  129  19:29  Supplicant x8  
  129  19:41  Supplicant x4  
  129  19:49  Supplicant x4  
  139  20:09  Wraithwalker  
  141  20:19  Supplicant x4  
  149  20:32  Pylon  
  149  20:36  Pylon  
  145  20:52  Slayer x5  
  145  20:53  Slayer x2  
  153  21:10  Slayer  
  153  21:11  Wraithwalker  
  161  21:21  Pylon  
  161  21:24  Photon Cannon  
  161  21:26  Photon Cannon  
  153  21:38  Slayer x4  
  154  21:53  Mothership  
  154  21:59  Slayer x4  
  154  22:08  Supplicant x8  
  154  22:09  Supplicant x2  
  146  22:24  Supplicant x4  
  146  22:25  Supplicant x6  
  146  22:26  Wraithwalker  
  172  22:31  Havoc  
  173  22:40  Slayer x2  
  173  22:49  Pylon  
  157  22:50  Wraithwalker  
  157  22:56  Slayer  
  157  22:57  Slayer  
  165  23:19  Pylon  
  161  23:31  Pylon  
  161  23:45  Supplicant x10  
  152  24:08  Slayer x7  
  130  24:23  Slayer  
  121  24:53  Supplicant x4  
  121  24:54  Supplicant x2  
  121  24:55  Supplicant x2  
  121  24:56  Havoc  
  111  25:34  Slayer x3  
Show
View Real Time Build Order
Export as new Build Order

CtG Terran 

Build Orders:  

Get SALT Encoding   

Tags
 
Add a new tag
Caveats
  • Supply blocks, unpowered buildings, or Contaminate may cause inaccurate times.
  • Supply counts are checked every 10 seconds.